 Dungeon Crawl Stone Soup version 0.30-a0-760-g5a9884bb7c (webtiles) character file.

Game seed: 12587945424972166983

72 Dittersdorf the Covered (level 4, -1/29 HPs)
             Began as a Gargoyle Fighter on Feb 10, 2023.
             Slain by a worm (9 damage)
             ... on level 2 of the Dungeon.
             The game lasted 00:01:42 (911 turns).

Dittersdorf the Covered (Gargoyle Fighter)           Turns: 911, Time: 00:01:43

Health: -1/29      AC: 10    Str: 22    XL:     4   Next: 26%
Magic:  4/4        EV:  9    Int:  8    God:
Gold:   47         SH:  4    Dex:  9    Spells: 3/3 levels left

rFire   . . .      SeeInvis .    a - +0 flail
rCold   . . .      Faith    .    c - +0 buckler
rNeg    + . .      Spirit   .    b - +0 scale mail
rPois   ∞          Reflect  .    (no helmet)
rElec   +          Harm     .    (no cloak)
rCorr   .          Rampage  .    (no gloves)
Will    .....                    (no boots) Stlth
                                 (no amulet)
HPRegen 0.24/turn                (no ring)
MPRegen 0.09/turn                (no ring)

@: no status effects
A: sickness immunity, AC +3, negative energy resistance 1, electricity
resistance, torment resistance 1, petrification resistance
a: no special abilities


You were on level 2 of the Dungeon.
You visited 1 branch of the dungeon, and saw 2 of its levels.

You collected 47 gold pieces.

Inventory:

Hand Weapons
 a - a +0 flail (weapon)
Missiles
 e - 2 throwing nets
 g - 3 poisoned darts (quivered)
Armour
 b - a +0 scale mail (worn)
 c - a +0 buckler (worn)
Scrolls
 i - 2 scrolls of teleportation {unknown}
 j - a scroll of vulnerability {unknown}
 n - a scroll of identify {unknown}
Potions
 d - 3 potions of might
 f - 2 potions of curing {unknown}
 h - a potion of attraction {unknown}
 k - 2 potions of degeneration {unknown}
 l - a potion of resistance {unknown}
 m - a potion of invisibility {unknown}


   Skills:
 + Level 3.9 Fighting
 + Level 2.8 Maces & Flails
 + Level 3.9 Armour
 + Level 3.9 Shields


You had 3 spell levels left.
You didn't know any spells.
Your spell library contained the following spells:

 Spells                   Type           Power      Damage    Failure   Level
 Apportation              Tloc           0%         N/A       82%         1
 Alistair's Intoxication  Tmut/Pois      0%         N/A       100%        5


Dungeon Overview and Level Annotations

Branches:
Dungeon (2/15)

Altars:


Innate Abilities, Weirdness & Mutations

You are immune to sickness and miasma.
Your stone body is resilient. (AC +3)
You are immune to poison.
You resist negative energy. (rN+)
You are resistant to electric shocks. (rElec)
You are resistant to unholy torment.
You are immune to petrification.


Message History

You block the gnoll's attack.
You hit the gnoll but do no damage.
The gnoll is almost dead.
The gnoll hits you with a +0 spear. The gnoll hits you but does no damage.
You barely miss the gnoll.
The gnoll is almost dead.
The gnoll hits you with a +0 spear. The worm bites you.
You closely miss the gnoll.
The gnoll is almost dead.
The gnoll completely misses you. The worm barely misses you.
You closely miss the gnoll.
The gnoll is almost dead.
The gnoll hits you but does no damage. You block the gnoll's attack.
The worm barely misses you.
You closely miss the gnoll.
The gnoll is almost dead.
The gnoll hits you with a +0 spear.
You are too injured to fight recklessly!
You are too injured to fight recklessly!
You are too injured to fight recklessly!
You are too injured to fight recklessly!
You are too injured to fight recklessly!
You are too injured to fight recklessly!
You are too injured to fight recklessly!
You are too injured to fight recklessly!
You are too injured to fight recklessly!
You are too injured to fight recklessly!
You are too injured to fight recklessly!
You are too injured to fight recklessly!
You are too injured to fight recklessly!
You hit the gnoll.
You kill the gnoll!
The worm barely misses you.
You hit the worm but do no damage. The worm bites you.
* * * LOW HITPOINT WARNING * * *
You barely miss the worm. The worm barely misses you.
You thump the worm!
The worm is moderately wounded.
The worm bites you!
You die...

. #####.
#..... ♣
#....# ♣.
#....+ .. ♣..
#....###..!.
#...####<....#
#!.....#####
#..w@....#
#..).$##.#
#.....# .#
#.....# #
#.....#
#......
####.## #.#


You could see a worm.

Vanquished Creatures
  4 gnolls
  A dart slug (D:1)
  3 endoplasms (D:1)
  2 giant cockroaches (D:1)
  5 goblins (D:1)
  2 hobgoblins (D:1)
  2 jackals (D:1)
  2 quokkas (D:1)
  3 ball pythons (D:1)
  2 frilled lizards (D:1)
  2 kobolds (D:1)
  4 rats (D:1)
32 creatures vanquished.

Vanquished Creatures (others)
  A plant (D:2)
1 creature vanquished.

Grand Total: 33 creatures vanquished

Notes
Turn   | Place    | Note
-------+----------+-------------------------------------------
     0 | D:1      | Dittersdorf the Gargoyle Fighter began the quest for the
                  | Orb.
     0 | D:1      | Reached XP level 1. HP: 14/14 MP: 1/1
   105 | D:1      | Reached XP level 2. HP: 19/19 MP: 2/2
   459 | D:1      | Reached XP level 3. HP: 23/23 MP: 3/3
   863 | D:1      | Reached XP level 4. HP: 21/29 MP: 4/4
   911 | D:2      | Slain by a worm

Illustrated notes

Levels and vault maps discovered:
D:1:      lightli_arrival_noodles, layout_loops_ring
D:2:      layout_basic, basic_altar, serial_bayou_lake_a

Action                     |  1- 3 |  4- 6 || total
---------------------------+-------+-------++-------
  Melee: Flail             |   103 |    13 ||   116
 Armour: Scale mail        |    50 |     4 ||    54
  Dodge: Dodged            |    52 |     6 ||    58
  Block: Buckler           |    25 |     2 ||    27

Table legend: (Time is in decaauts)
 A = Elapsed time spent in this place.
 B = Non-inter-level travel time spent in this place.
 C = Inter-level travel time spent in this place.
 D = Time resting spent in this place.
 E = Time spent auto-exploring this place.
 F = Levels seen in this place.
 G = Mean time per level.
                   A        B        C        D        E       F      G
               +--------+--------+--------+--------+--------+-----+--------+
         Total |    950 |    904 |     46 |    103 |    547 |   2 |  475.0 |
       Dungeon |    950 |    904 |     46 |    103 |    547 |   2 |  475.0 |
               +--------+--------+--------+--------+--------+-----+--------+

Top non-repeatable levels by time:
     D:1: 916 daAuts
     D:2: 34 daAuts
